 Dungeon Sprint DCSS version 0.30-a0-777-ga9a30cbeda (webtiles) character file.

Game seed: 12395813477483191947

515 sircluck the Cleaver (level 7, -11/70 HPs)
             Began as a Hill Orc Fighter on Feb 13, 2023.
             Was an Initiate of Jiyva.
             Mangled by a phantasmal warrior (17 damage)
             ... in the Dungeon (Sprint VII: "The Pits").
             The game lasted 00:02:04 (373 turns).

sircluck the Cleaver (Hill Orc Fighter)              Turns: 373, Time: 00:02:05

Health: -11/70     AC:  8    Str: 21    XL:     7   Next: 20%
Magic:  7/7        EV: 10    Int:  8    God:    Jiyva [......]
Gold:   0          SH:  6    Dex: 10    Spells: 6/6 levels left

rFire   . . .      SeeInvis .    a - +0 war axe
rCold   . . .      Faith    .    c - +0 buckler
rNeg    . . .      Spirit   .    b - +0 scale mail
rPois   .          Reflect  .    (no helmet)
rElec   .          Harm     .    (no cloak)
rCorr   .          Rampage  .    (no gloves)
Will    .....      NoTele   +    (no boots) Stlth
                                 (no amulet)
HPRegen 0.31/turn                (no ring)
MPRegen 0.10/turn                (no ring)

@: mighty, weak-willed, hasted, very quick
A: no striking features
a: Renounce Religion


You were in the Dungeon.
You worshipped Jiyva.
Jiyva was noncommittal.
You visited 1 branch

Inventory:

Hand Weapons
 a - a +0 war axe (weapon)
Armour
 b - a +0 scale mail (worn)
 c - a +0 buckler (worn)
Scrolls
 j - a scroll of blinking
Potions
 h - 2 potions of magic


   Skills:
 + Level 9.1 Fighting
 + Level 10.7 Axes
 + Level 8.7 Armour
 + Level 1.6 Dodging
 + Level 8.8 Shields


You had 6 spell levels left.
You didn't know any spells.
Your spell library was empty.

Dungeon Overview and Level Annotations

Branches:
Dungeon (1/1)

Altars:
Ashenzari
Cheibriados
Dithmenos
Elyvilon
Fedhas
Gozag
Hepliaklqana
Kikubaaqudgha
Makhleb
Nemelex Xobeh
Okawaru
Qazlal
Ru
Sif Muna
Trog
Uskayaw
Vehumet
Wu Jian
Xom
Yredelemnul
Zin
The Shining One
Beogh
Jiyva
Lugonu


Message History

You hit the phantasmal warrior but do no damage.
You miss the frilled lizard. You block the frilled lizard's attack.
You block the phantasmal warrior's attack.
You completely miss the phantasmal warrior.
You slash the frilled lizard!
You kill the frilled lizard!
The phantasmal warrior hits you but does no damage.
You barely miss the phantasmal warrior. The phantasmal warrior hits you!!
You feel yourself speed up.
The phantasmal warrior hits you but does no damage.
You closely miss the phantasmal warrior.
You hit the phantasmal warrior but do no damage.
The phantasmal warrior hits you but does no damage.
You barely miss the phantasmal warrior.
The phantasmal warrior closely misses you.
You hit the phantasmal warrior but do no damage.
You closely miss the phantasmal warrior.
You block the phantasmal warrior's attack.
You barely miss the phantasmal warrior.
The phantasmal warrior closely misses you.
You closely miss the phantasmal warrior.
You hit the phantasmal warrior but do no damage.
The phantasmal warrior closely misses you.
You barely miss the phantasmal warrior. The phantasmal warrior hits you!!
* * * LOW HITPOINT WARNING * * *
You hit the phantasmal warrior.
The phantasmal warrior is lightly damaged.
You feel very mighty all of a sudden. The phantasmal warrior hits you!
* * * LOW HITPOINT WARNING * * *
Your willpower is stripped away!
You hit the phantasmal warrior.
The phantasmal warrior is lightly damaged.
The phantasmal warrior closely misses you.
You hit the phantasmal warrior but do no damage.
The phantasmal warrior is lightly damaged.
You barely miss the phantasmal warrior.
The phantasmal warrior is lightly damaged.
The phantasmal warrior hits you!
You die...

#.# #.......#
#)# #.......#
#'######
#.......#
#..#.#.##
#########
#.......# ####
##.#.#.## ....#
#.......#+#....#
##.#.#W##.'....+
#.....@†#§#....#
##.#.#.['.# ...#
########## ###


You could see a phantasmal warrior.

Vanquished Creatures
  A jumping spider (D)
  A warg (D)
  A kobold brigand (D)
  A bullfrog (D)
  A scorpion (D)
  A hound (D)
  An orc wizard (D)
  An adder (D)
  A bat (D)
  A frilled lizard (D)
10 creatures vanquished.

Vanquished Creatures (others)
  Dissolution (D)
  An Orb Guardian (D)
  A deep elf master archer (D)
  A storm dragon (D)
  An azure jelly (D)
  A great orb of eyes (D)
  A dancing weapon (D)
  A glowing orange brain (shapeshifter) (D)
  An eye of devastation (D)
  A golden eye (D)
  A water elemental (D)
  3 jellies (D)
  An endoplasm (D)
15 creatures vanquished.

Grand Total: 25 creatures vanquished

Notes
Turn   | Place    | Note
-------+----------+-------------------------------------------
     0 | D        | sircluck the Hill Orc Fighter began the quest for the Orb.
     0 | D        | Reached XP level 1. HP: 19/19 MP: 1/1
    11 | D        | Noticed a scorpion
    26 | D        | Killed a scorpion
    27 | D        | Reached skill level 5 in Fighting
    27 | D        | Reached skill level 5 in Axes
    27 | D        | Reached skill level 5 in Armour
    27 | D        | Reached skill level 5 in Shields
    27 | D        | Reached XP level 2. HP: 14/29 MP: 2/2
    27 | D        | Reached XP level 3. HP: 17/36 MP: 3/3
    31 | D        | Found a bloodstained altar of Trog.
    31 | D        | Found a shimmering blue altar of Sif Muna.
    31 | D        | Found a viscous altar of Jiyva.
    31 | D        | Found a hazy altar of Hepliaklqana.
    31 | D        | Found an opulent altar of Gozag.
    32 | D        | Found a glowing golden altar of the Shining One.
    32 | D        | Found a glowing silver altar of Zin.
    32 | D        | Found a basalt altar of Yredelemnul.
    32 | D        | Found a shimmering altar of Xom.
    32 | D        | Found an ornate altar of the Wu Jian Council.
    32 | D        | Found a sacrificial altar of Ru.
    32 | D        | Found a stormy altar of Qazlal.
    32 | D        | Found an iron altar of Okawaru.
    32 | D        | Found a sparkling altar of Nemelex Xobeh.
    32 | D        | Found a burning altar of Makhleb.
    32 | D        | Found a blossoming altar of Fedhas.
    32 | D        | Found a white marble altar of Elyvilon.
    32 | D        | Found a shadowy altar of Dithmenos.
    32 | D        | Found a snail-covered altar of Cheibriados.
    34 | D        | Found a radiant altar of Vehumet.
    34 | D        | Found a corrupted altar of Lugonu.
    34 | D        | Found a roughly hewn altar of Beogh.
    37 | D        | Became a worshipper of Jiyva Jeopnem the Shapeless
    38 | D        | Found a broken altar of Ashenzari.
    38 | D        | Found an ancient bone altar of Kikubaaqudgha.
    38 | D        | Found a hide-covered altar of Uskayaw.
    40 | D        | Killed a great orb of eyes
    42 | D        | Killed an Orb Guardian
    46 | D        | Killed an azure jelly
    48 | D        | Killed a glowing glaive
    52 | D        | Killed a storm dragon
    54 | D        | Killed a deep elf master archer
    74 | D        | Killed a water elemental
    76 | D        | Killed Dissolution
    78 | D        | Noticed a bullfrog
    79 | D        | Noticed a kobold brigand
    79 | D        | Noticed a warg
    84 | D        | Reached XP level 4. HP: 39/44 MP: 4/4
    95 | D        | Killed a warg
    96 | D        | Reached skill level 7 in Axes
    96 | D        | Reached XP level 5. HP: 39/52 MP: 5/5
    99 | D        | Reached skill level 8 in Axes
    99 | D        | Reached skill level 1 in Dodging
    99 | D        | Reached XP level 6. HP: 40/61 MP: 6/6
   105 | D        | Reached skill level 9 in Axes
   127 | D        | Killed a golden eye
   173 | D        | Killed an eye of devastation
   223 | D        | Noticed a jumping spider
   229 | D        | Killed a jumping spider
   230 | D        | Reached skill level 10 in Axes
   230 | D        | Reached XP level 7. HP: 35/70 MP: 7/7
   341 | D        | Noticed a phantasmal warrior
   367 | D        | Killed a glowing orange brain
   373 | D        | Mangled by a phantasmal warrior

Illustrated notes

Levels and vault maps discovered:
D:        pitsprint [storerooms_1, entrance_room_1, metal_vault_2, armoury_2,
          mini_pit_1, grid_room_1, main_hall_1, silver_pit, the_coven_2,
          the_vestibule_1, steel_vault_4, golden_pit, hallway_of_sentries,
          crystal_vault_6, iron_vault_1, final_vault]

Skill      XL: |  1  2  3  4  5  6 |
---------------+-------------------+-----
Fighting       | 5 6 7 9 |  9.1
Axes           | 5 7 8 10 | 10.7
Armour         | 5 7 8 |  8.7
Shields        | 5 7 8 |  8.8
Dodging        | 1 |  1.6

Action                     |  1- 3 |  4- 6 |  7- 9 || total
---------------------------+-------+-------+-------++-------
  Melee: War axe           |    15 |    26 |    19 ||    60
    Use: Potion            |     1 |     2 |     2 ||     5
 Armour: Scale mail        |     9 |     6 |     4 ||    19
  Dodge: Dodged            |     8 |    14 |     5 ||    27
  Block: Buckler           |     4 |     5 |     4 ||    13

Table legend: (Time is in decaauts)
 A = Elapsed time spent in this place.
 B = Non-inter-level travel time spent in this place.
 C = Inter-level travel time spent in this place.
 D = Time resting spent in this place.
 E = Time spent auto-exploring this place.
 F = Levels seen in this place.
 G = Mean time per level.
                   A        B        C        D        E       F      G
               +--------+--------+--------+--------+--------+-----+--------+
         Total |    382 |    382 |      0 |    150 |     81 |   1 |  382.0 |
       Dungeon |    382 |    382 |      0 |    150 |     81 |   1 |  382.0 |
               +--------+--------+--------+--------+--------+-----+--------+

Top non-repeatable levels by time:
       D: 382 daAuts
